[ PARTIDA AOE2 · #506610831 ]
UnrankedTeutones vs Burgundians
Equipo del jugador · VICT
[ ANÁLISIS DE REPETICIÓN · EXTRAÍDO DE LA PARTIDA GRABADA ]
Feudal
10:55
Castillos
24:29
Imperial
31:52
| APM promedio | 36.1 |
| APM pico | 75 |
| eAPM promedio | 28.5 |
| Aldeanos / militares | 258 / 422 |
Foco
⚔️ 46.4% · 🌾 53.6%
Spearman ×241 · Skirmisher ×77 · Hand Cannoneer ×29 · Bombard Cannon ×21 · Monk ×16 · Trebuchet (Packed) ×14
Feudal
11:11
Castillos
17:23
Imperial
31:50
| APM promedio | 60.7 |
| APM pico | 105 |
| eAPM promedio | 38.1 |
| Aldeanos / militares | 195 / 524 |
Foco
⚔️ 32.4% · 🌾 67.6%
Scout Cavalry ×254 · Hand Cannoneer ×167 · Flemish Militia ×71 · Trebuchet (Packed) ×17 · Bombard Cannon ×8 · Mangonel ×4
Mapa de la partida
Recursos iniciales + cada clic de construcción. Líneas = muros · curvas = relieve. ◆ oro · ⬟ piedra · ● bayas · ✦ reliquia · ◌ hueco del cierre
Tu base· ✓ Cerrada en 24:29 · 11t muro · 2 puerta(s)
Base de Nandor the Relenting· ✓ Cerrada en 17:23 · 2t muro · 2 puerta(s)
Terreno inicial suavizado · ◌ = hueco del cierre detectado · pasá el cursor para detalles
Inputs por minuto
— moneymickey - - Nandor the Relenting
Build order — moneymickey
Primeras 150 de 992 acciones detectadas
| 0:02 | Encolar | Villager (Male) |
| 0:02 | Encolar | Villager (Male) |
| 0:03 | Construir | House |
| 0:05 | Construir | House |
| 0:30 | Encolar | Villager (Male) |
| 1:01 | Encolar | Villager (Male) |
| 1:30 | Encolar | Villager (Male) |
| 1:36 | Construir | Palisade Wall |
| 1:39 | Construir | Palisade Wall |
| 1:41 | Construir | Palisade Wall |
| 1:43 | Construir | Palisade Wall |
| 1:44 | Construir | Palisade Wall |
| 1:46 | Construir | Palisade Wall |
| 1:47 | Construir | Palisade Wall |
| 1:50 | Construir | Palisade Wall |
| 1:52 | Construir | Palisade Wall |
| 1:59 | Encolar | Villager (Male) |
| 2:16 | Construir | Lumber Camp |
| 2:23 | Encolar | Villager (Male) |
| 2:23 | Encolar | Villager (Male) |
| 2:46 | Encolar | Villager (Male) |
| 3:11 | Encolar | Villager (Male) |
| 3:38 | Encolar | Villager (Male) |
| 3:51 | Construir | House |
| 3:54 | Construir | House |
| 4:04 | Encolar | Villager (Male) |
| 4:21 | Encolar | Villager (Male) |
| 4:45 | Construir | Mill |
| 4:54 | Encolar | Villager (Male) |
| 5:12 | Encolar | Villager (Male) |
| 5:40 | Encolar | Villager (Male) |
| 6:03 | Encolar | Villager (Male) |
| 6:26 | Encolar | Villager (Male) |
| 6:29 | Encolar | Villager (Male) |
| 6:31 | Investigar | Loom |
| 6:47 | Construir | Mining Camp |
| 7:35 | Encolar | Villager (Male) |
| 8:45 | Investigar | Feudal Age |
| 8:49 | Construir | Mining Camp |
| 9:25 | Encolar | Villager (Male) |
| 9:32 | Construir | House |
| 9:59 | Construir | Barracks |
| 10:27 | Encolar | Villager (Male) |
| 10:55 | Edad | Edad Feudal |
| 11:02 | Construir | Watch Tower |
| 11:06 | Investigar | Double-Bit Axe |
| 11:08 | Investigar | Town Watch |
| 11:09 | Encolar | Villager (Male) |
| 11:09 | Encolar | Villager (Male) |
| 11:22 | Encolar | Villager (Male) |
| 11:47 | Construir | Archery Range |
| 11:49 | Encolar | Villager (Male) |
| 11:52 | Construir | House |
| 12:26 | Encolar | Villager (Male) |
| 12:29 | Construir | Farm |
| 12:31 | Construir | Farm |
| 12:41 | Encolar | Archer |
| 12:41 | Encolar | Archer |
| 12:48 | Encolar | Villager (Male) |
| 13:22 | Encolar | Archer |
| 13:23 | Encolar | Villager (Male) |
| 13:58 | Encolar | Archer |
| 13:59 | Encolar | Villager (Male) |
| 14:34 | Encolar | Archer |
| 14:37 | Encolar | Villager (Male) |
| 14:41 | Construir | Blacksmith |
| 14:52 | Construir | House |
| 15:07 | Investigar | Horse Collar |
| 15:08 | Encolar | Villager (Male) |
| 15:12 | Construir | Farm |
| 15:14 | Construir | Farm |
| 15:17 | Encolar | Archer |
| 15:19 | Encolar | Villager (Male) |
| 15:22 | Construir | House |
| 15:56 | Investigar | Fletching |
| 15:56 | Encolar | Villager (Male) |
| 15:59 | Construir | Farm |
| 16:02 | Construir | Farm |
| 16:07 | Encolar | Villager (Male) |
| 16:11 | Construir | Farm |
| 16:25 | Encolar | Archer |
| 16:28 | Encolar | Villager (Male) |
| 16:37 | Encolar | Villager (Male) |
| 16:43 | Construir | Lumber Camp |
| 17:04 | Encolar | Villager (Male) |
| 17:07 | Construir | Farm |
| 17:11 | Construir | Farm |
| 17:12 | Encolar | Villager (Male) |
| 17:27 | Encolar | Villager (Male) |
| 17:36 | Construir | Watch Tower |
| 17:46 | Encolar | Spearman |
| 17:48 | Construir | Stone Wall |
| 17:51 | Construir | Stone Wall |
| 17:56 | Investigar | Wheelbarrow |
| 18:01 | Construir | House |
| 18:06 | Construir | House |
| 18:08 | Encolar | Villager (Male) |
| 18:13 | Construir | Farm |
| 18:14 | Construir | Farm |
| 18:15 | Construir | Farm |
| 18:18 | Construir | Farm |
| 18:20 | Encolar | Villager (Male) |
| 18:35 | Encolar | Spearman |
| 18:48 | Encolar | Villager (Male) |
| 18:51 | Construir | Market |
| 19:08 | Construir | House |
| 19:19 | Encolar | Villager (Male) |
| 19:31 | Encolar | Spearman |
| 19:35 | Encolar | Villager (Male) |
| 19:37 | Construir | Lumber Camp |
| 19:49 | Encolar | Archer |
| 19:49 | Encolar | Archer |
| 20:33 | Encolar | Archer |
| 20:33 | Encolar | Archer |
| 20:45 | Encolar | Archer |
| 20:49 | Encolar | Villager (Male) |
| 20:50 | Encolar | Villager (Male) |
| 21:29 | Construir | Stable |
| 21:33 | Construir | Farm |
| 21:34 | Construir | Farm |
| 21:45 | Construir | Watch Tower |
| 21:49 | Investigar | Castle Age |
| 22:10 | Investigar | Gold Mining |
| 22:17 | Construir | Farm |
| 22:34 | Investigar | Stone Mining |
| 22:44 | Construir | Farm |
| 22:45 | Construir | Farm |
| 22:46 | Construir | Mill |
| 22:48 | Construir | Farm |
| 22:59 | Encolar | Villager (Male) |
| 23:00 | Encolar | Villager (Male) |
| 23:07 | Construir | House |
| 23:18 | Construir | House |
| 23:30 | Construir | Stable |
| 23:35 | Encolar | Villager (Male) |
| 23:40 | Construir | House |
| 23:49 | Construir | Mill |
| 23:59 | Encolar | Villager (Male) |
| 23:59 | Encolar | Villager (Male) |
| 24:05 | Encolar | Villager (Male) |
| 24:06 | Encolar | Villager (Male) |
| 24:08 | Encolar | Scout Cavalry |
| 24:08 | Encolar | Scout Cavalry |
| 24:29 | Edad | Edad de los Castillos |
| 24:37 | Encolar | Villager (Male) |
| 24:45 | Construir | Monastery |
| 24:48 | Encolar | Villager (Male) |
| 24:50 | Encolar | Villager (Male) |
| 24:52 | Encolar | Villager (Male) |
| 24:53 | Encolar | Villager (Male) |
Build order — Nandor the Relenting
Primeras 150 de 855 acciones detectadas
| 0:00 | Encolar | Villager (Male) |
| 0:01 | Encolar | Villager (Male) |
| 0:01 | Encolar | Villager (Male) |
| 0:02 | Construir | House |
| 0:03 | Construir | House |
| 0:16 | Encolar | Villager (Male) |
| 1:28 | Encolar | Villager (Male) |
| 1:28 | Encolar | Villager (Male) |
| 1:38 | Construir | Lumber Camp |
| 1:53 | Encolar | Villager (Male) |
| 2:16 | Encolar | Villager (Male) |
| 2:39 | Investigar | Double-Bit Axe |
| 2:59 | Encolar | Villager (Male) |
| 3:00 | Encolar | Villager (Male) |
| 3:23 | Encolar | Villager (Male) |
| 3:24 | Encolar | Villager (Male) |
| 3:57 | Encolar | Villager (Male) |
| 4:06 | Construir | House |
| 4:19 | Encolar | Villager (Male) |
| 4:19 | Encolar | Villager (Male) |
| 4:32 | Encolar | Villager (Male) |
| 4:32 | Encolar | Villager (Male) |
| 4:49 | Construir | Mill |
| 4:52 | Encolar | Villager (Male) |
| 5:14 | Encolar | Villager (Male) |
| 5:32 | Investigar | Horse Collar |
| 5:50 | Encolar | Villager (Male) |
| 5:50 | Encolar | Villager (Male) |
| 6:07 | Construir | House |
| 6:49 | Encolar | Villager (Male) |
| 7:12 | Encolar | Villager (Male) |
| 7:12 | Encolar | Villager (Male) |
| 7:44 | Encolar | Villager (Male) |
| 7:45 | Investigar | Loom |
| 8:17 | Construir | Mining Camp |
| 8:36 | Investigar | Loom |
| 8:49 | Investigar | Feudal Age |
| 9:30 | Construir | House |
| 9:36 | Construir | Barracks |
| 9:50 | Construir | Farm |
| 10:25 | Construir | Farm |
| 10:35 | Encolar | Villager (Male) |
| 10:36 | Encolar | Villager (Male) |
| 11:11 | Edad | Edad Feudal |
| 11:30 | Construir | Stable |
| 11:36 | Construir | Blacksmith |
| 12:05 | Encolar | Villager (Male) |
| 12:23 | Construir | House |
| 12:31 | Encolar | Villager (Male) |
| 12:47 | Construir | Farm |
| 12:54 | Construir | Stone Wall |
| 12:56 | Encolar | Villager (Male) |
| 12:59 | Construir | House |
| 13:17 | Encolar | Villager (Male) |
| 13:23 | Construir | Farm |
| 13:27 | Encolar | Villager (Male) |
| 13:28 | Construir | Farm |
| 13:32 | Construir | Market |
| 13:37 | Construir | House |
| 14:03 | Construir | Stone Wall |
| 14:43 | Investigar | Castle Age |
| 14:43 | Investigar | Castle Age |
| 15:01 | Construir | Farm |
| 15:03 | Construir | Farm |
| 16:00 | Construir | Barracks |
| 16:06 | Encolar | Flemish Militia |
| 16:06 | Encolar | Flemish Militia |
| 16:44 | Construir | Stone Wall |
| 17:04 | Encolar | Villager (Male) |
| 17:04 | Encolar | Villager (Male) |
| 17:23 | Edad | Edad de los Castillos |
| 17:25 | Construir | Siege Workshop |
| 17:33 | Construir | Town Center |
| 17:41 | Construir | Farm |
| 17:42 | Encolar | Villager (Male) |
| 17:47 | Encolar | Mangonel |
| 17:47 | Encolar | Mangonel |
| 18:00 | Encolar | Mangonel |
| 18:15 | Encolar | Flemish Militia |
| 18:29 | Encolar | Villager (Male) |
| 18:43 | Encolar | Villager (Male) |
| 18:55 | Encolar | Villager (Male) |
| 19:01 | Construir | House |
| 19:04 | Encolar | Villager (Male) |
| 19:11 | Construir | Farm |
| 19:13 | Construir | Farm |
| 19:23 | Encolar | Mangonel |
| 20:29 | Encolar | Villager (Male) |
| 20:30 | Encolar | Villager (Male) |
| 20:42 | Encolar | Villager (Male) |
| 20:43 | Encolar | Villager (Male) |
| 20:46 | Construir | Farm |
| 20:46 | Construir | Farm |
| 20:46 | Construir | Farm |
| 20:46 | Construir | Farm |
| 20:47 | Construir | Farm |
| 20:47 | Construir | Farm |
| 21:18 | Encolar | Villager (Male) |
| 21:18 | Encolar | Villager (Male) |
| 21:31 | Construir | Stone Wall |
| 21:45 | Encolar | Villager (Male) |
| 21:54 | Encolar | Villager (Male) |
| 21:59 | Construir | House |
| 22:04 | Construir | Monastery |
| 22:06 | Encolar | Villager (Male) |
| 22:12 | Investigar | Bow Saw |
| 22:12 | Investigar | Bow Saw |
| 22:31 | Encolar | Villager (Male) |
| 22:32 | Encolar | Villager (Male) |
| 22:43 | Construir | Town Center |
| 22:53 | Encolar | Villager (Male) |
| 22:53 | Encolar | Villager (Male) |
| 22:56 | Construir | House |
| 22:59 | Encolar | Flemish Militia |
| 23:00 | Encolar | Flemish Militia |
| 23:01 | Encolar | Monk |
| 23:13 | Encolar | Villager (Male) |
| 23:24 | Construir | House |
| 23:27 | Encolar | Flemish Militia |
| 23:27 | Encolar | Flemish Militia |
| 23:35 | Construir | Farm |
| 23:39 | Construir | Farm |
| 23:39 | Construir | Farm |
| 23:39 | Construir | Farm |
| 23:52 | Encolar | Flemish Militia |
| 23:58 | Encolar | Villager (Male) |
| 24:01 | Construir | House |
| 24:03 | Encolar | Villager (Male) |
| 24:11 | Encolar | Trade Cart |
| 24:11 | Construir | Farm |
| 24:18 | Encolar | Villager (Male) |
| 24:27 | Encolar | Monk |
| 24:32 | Encolar | Villager (Male) |
| 24:36 | Construir | Farm |
| 24:38 | Encolar | Villager (Male) |
| 24:41 | Encolar | Villager (Male) |
| 24:44 | Construir | House |
| 24:50 | Construir | Mill |
| 24:51 | Construir | Farm |
| 24:51 | Construir | Farm |
| 24:51 | Construir | Farm |
| 24:51 | Construir | Farm |
| 24:51 | Construir | Farm |
| 25:02 | Investigar | Heavy Plow |
| 25:02 | Investigar | Heavy Plow |
| 25:02 | Investigar | Heavy Plow |
| 25:03 | Encolar | Villager (Male) |
| 25:03 | Encolar | Villager (Male) |
| 25:04 | Encolar | Villager (Male) |
| 25:04 | Encolar | Villager (Male) |
Cronología de la partida
| 1:36 | moneymickey · wall_segment Palisade Wall x1 |
| 1:39 | moneymickey · wall_segment Palisade Wall x1 |
| 1:41 | moneymickey · wall_segment Palisade Wall x1 |
| 1:43 | moneymickey · wall_segment Palisade Wall x1 |
| 1:44 | moneymickey · wall_segment Palisade Wall x1 |
| 1:46 | moneymickey · wall_segment Palisade Wall x1 |
| 1:47 | moneymickey · wall_segment Palisade Wall x1 |
| 1:50 | moneymickey · wall_segment Palisade Wall x1 |
| 1:52 | moneymickey · wall_segment Palisade Wall x1 |
| 9:36 | Nandor the Relenting · first_building Barracks |
| 9:59 | moneymickey · first_building Barracks |
| 10:55 | moneymickey · age_up feudal |
| 11:11 | Nandor the Relenting · age_up feudal |
| 11:30 | Nandor the Relenting · first_building Stable |
| 11:47 | moneymickey · first_building Archery Range |
| 12:54 | Nandor the Relenting · wall_segment Stone Wall x1 |
| 14:03 | Nandor the Relenting · wall_segment Stone Wall x1 |
| 16:44 | Nandor the Relenting · wall_segment Stone Wall x1 |
| 17:23 | Nandor the Relenting · age_up castle |
| 17:25 | Nandor the Relenting · first_building Siege Workshop |
| 17:48 | moneymickey · wall_segment Stone Wall x1 |
| 17:51 | moneymickey · wall_segment Stone Wall x1 |
| 20:52 | moneymickey · first_market_buy 100 food |
| 21:29 | moneymickey · first_building Stable |
| 21:31 | Nandor the Relenting · wall_segment Stone Wall x1 |
| 21:51 | Nandor the Relenting · first_market_buy 100 food |
| 22:04 | Nandor the Relenting · first_building Monastery |
| 24:29 | moneymickey · age_up castle |
| 24:45 | moneymickey · first_building Monastery |
| 28:35 | Nandor the Relenting · first_market_sell 100 wood |
| 28:52 | moneymickey · first_building Castle |
| 30:48 | moneymickey · wall_segment Palisade Wall x1 |
| 31:07 | Nandor the Relenting · first_building Archery Range |
| 31:50 | Nandor the Relenting · age_up imperial |
| 31:52 | moneymickey · age_up imperial |
| 31:53 | Nandor the Relenting · first_building Castle |
| 33:29 | moneymickey · first_market_sell 100 wood |
| 34:20 | moneymickey · first_building Siege Workshop |
| 73:36 | Nandor the Relenting · resign |
[ ANÁLISIS IA · 1 CRÉDITO ]
¿Qué pasó realmente en esta partida?
Wolo.gg analiza cada decisión: build order, eco, micro, errores típicos por bracket. Análisis personalizado por WhatsApp o Discord en 30 segundos.
Guía civ
Teutones
Perfil
Jugador #488095